 Dungeon Sprint DCSS version 0.23-a0-378-gd7a6ca6 (webtiles) character file.

1827 Flooderbenga the Arsonist (level 8, 0/52 HPs)
             Began as a Deep Elf Fire Elementalist on Oct 26, 2018.
             Was a Believer of Vehumet.
             Slain by a centaur warrior (3 damage)
             ... in the Dungeon (Sprint I: "Red Sonja") on Oct 27, 2018.
             The game lasted 00:30:19 (1215 turns).

Flooderbenga the Arsonist (DEFE)                    Turns: 1215, Time: 00:30:20

Health: 0/52       AC:  3    Str:  5    XL:     8   Next: 86%
Magic:  11/22      EV: 15    Int: 23    God:    Vehumet [**....]
Gold:   643        SH:  0    Dex: 15    Spells: 8/23 levels left

rFire    . . .     SeeInvis .   k - +0 scythe
rCold    . . .     Gourm    .   (shield currently unavailable)
rNeg     . . .     Faith    .   h - +0 leather armour
rPois    .         Spirit   .   (no helmet)
rElec    .         Reflect  .   (no cloak)
rCorr    .         Harm     .   (no gloves)
MR       .....     NoTele   +   (no boots)
Stlth    +.........             (no amulet)
HPRegen  0.17/turn              (no ring)
MPRegen  0.18/turn              (no ring)

@: very slow
A: no striking features
a: Renounce Religion


You were in the Dungeon.
You worshipped Vehumet.
Vehumet was pleased with you.
You were not hungry.

You visited 1 branch You collected 714 gold pieces.
You spent 71 gold pieces at shops.

Inventory:

Hand Weapons
 k - a +0 scythe (weapon)
 l - a +0 blowgun
 n - a +2 dagger of draining
Missiles
 i - 10 curare-tipped needles
Armour
 a - a +0 robe
 h - a +0 leather armour (worn)
Wands
 b - a wand of random effects (22)
Potions
 d - a potion of resistance {unknown}
 f - a potion of haste {@q3}
 g - 2 potions of magic
 j - a potion of ambrosia
 m - a potion of berserk rage
 q - 2 potions of curing {@q1}
Comestibles
 c - 2 rations


   Skills:
 + Level 6.9 Fighting
 + Level 7.6 Dodging
 - Level 3.0 Stealth
 + Level 8.1 Spellcasting
 + Level 11.9 Conjurations
 + Level 12.8 Fire Magic


You had 8 spell levels left.
You knew the following spells:

 Your Spells              Type           Power        Failure   Level  Hunger
a - Flame Tongue          Conj/Fire      #####        1%          1    None
b - Throw Flame           Conj/Fire      ######       1%          2    None
c - Conjure Flame         Conj/Fire      ######..     1%          3    None
d - Sticky Flame          Conj/Fire      ######..     1%          4    ###....
e - Fireball              Conj/Fire      ######....   1%          5    #####..

Your spell library contained the following spells:

 Spells                   Type           Power        Failure   Level  Hunger
 Throw Frost              Conj/Ice       #####.       1%          2    None
 Inner Flame              Hex/Fire       #####...     2%          3    None


Dungeon Overview and Level Annotations

Branches:
Dungeon (1/1)

Altars:
Cheibriados
Dithmenos
Elyvilon
Fedhas
Gozag
Hepliaklqana
Kikubaaqudgha
Makhleb
Nemelex Xobeh
Okawaru
Qazlal
Ru
Sif Muna
Trog
Uskayaw
Vehumet
Wu Jian
Xom
Yredelemnul
Zin
The Shining One
Jiyva
Lugonu

Shops:
D ?(


Message History

Unknown command.
Unknown command.
You feel much better. The centaur warrior barely misses you.
The centaur warrior hits you!
You regained 17 hp, and now have 25/52 hp.
Okay, then.
Unknown command.
Aim: a centaur warrior
Okay, then.
Unknown command.
Aim: a centaur warrior (purple smoke, almost dead)
The flame tongue hits the centaur warrior.
The centaur warrior appears unharmed.
The centaur warrior hits you but does no damage.
The centaur warrior hits you!
* * * LOW HITPOINT WARNING * * *
The centaur warrior hits you!
* * * LOW HITPOINT WARNING * * *
The centaur warrior hits you.
You die...

########################*********
.#.)'..#..'..#__#..+ss)#,,*,,,,+,
.'..#..'[.#..'..'..#.)s##+#,****,
÷#####'#####'#__####...'s.#,*,***
.####..#...#.####§§#####..+,*+*,*
.#__####..##.#≈§§c§#,,**+##**,,,*
.#_____##'#_.'≈§@c§+,,*,,,,,*,,,*
⌠#_.∩...'..._#≈≈≈§§#,,*,,,,,+,,,,
##_..__##_.#'##+####*+***,,,*,,,,
,#_____###'#.#,,,,***,+,*,,,***++
##########.###*+***,***,*,,***,,*
........'...+,,,,,+,∩**,*,,****,,
#++++####.).#**********,**+*,,*,,
,,,,,,*###.###,,,,,,,**,**,*,,,,,
,,,,,,,#.#'#.#,,,,,,,,+,****,,,,,


You could see 2 centaur warriors.

Vanquished Creatures
  Sonja (D)
  2 kobold demonologists (D)
  A slime creature (D)
  Sigmund (D)
  A yak (D)
  A floating eye (D)
  An ogre (D)
  A jelly (D)
  Ijyb (D)
  2 ballistomycetes (D)
12 creatures vanquished.

Vanquished Creatures (others)
  2 ballistomycete spores (D)
2 creatures vanquished.

Grand Total: 14 creatures vanquished

Notes
Turn   | Place    | Note
-------+----------+-------------------------------------------
     0 | D        | Flooderbenga the Deep Elf Fire Elementalist began the quest
                  | for the Orb.
     0 | D        | Reached XP level 1. HP: 10/10 MP: 6/6
     1 | D        | Noticed Ijyb
     2 | D        | Upgraded the game from 0.23-a0-375-g66a18ee to
                  | 0.23-a0-378-gd7a6ca6
    14 | D        | Killed Ijyb
    14 | D        | Reached skill level 5 in Conjurations
    14 | D        | Reached skill level 4 in Fire Magic
    14 | D        | Reached XP level 2. HP: 15/15 MP: 0/8
   200 | D        | Learned a level 2 spell: Throw Flame
   200 | D        | Noticed an ogre
   206 | D        | Killed an ogre
   206 | D        | Reached skill level 5 in Spellcasting
   206 | D        | Reached skill level 7 in Fire Magic
   206 | D        | Reached XP level 3. HP: 15/19 MP: 3/11
   206 | D        | Reached XP level 4. HP: 19/24 MP: 3/13
   292 | D        | Learned a level 3 spell: Conjure Flame
   297 | D        | Learned a level 4 spell: Sticky Flame
   298 | D        | Noticed Sigmund
   305 | D        | Killed Sigmund
   305 | D        | Reached skill level 8 in Fire Magic
   305 | D        | Reached XP level 5. HP: 31/31 MP: 5/14
   305 | D        | Reached XP level 6. HP: 36/36 MP: 5/15
   388 | D        | Learned a level 5 spell: Fireball
   388 | D        | Found an ornate altar of the Wu Jian Council.
   388 | D        | Found a deep blue altar of Sif Muna.
   391 | D        | Reached skill level 9 in Fire Magic
   392 | D        | Found a radiant altar of Vehumet.
   399 | D        | Became a worshipper of Vehumet
   400 | D        | Found Keopaont's Antique Weapon Emporium.
   400 | D        | Found an ancient bone altar of Kikubaaqudgha.
   400 | D        | Found a stormy altar of Qazlal.
   400 | D        | Found a blossoming altar of Fedhas.
   400 | D        | Found a bloodstained altar of Trog.
   400 | D        | Found an iron altar of Okawaru.
   400 | D        | Found a glowing golden altar of the Shining One.
   400 | D        | Found a glowing silver altar of Zin.
   400 | D        | Found a white marble altar of Elyvilon.
   400 | D        | Noticed a yak
   401 | D        | Found a hazy altar of Hepliaklqana.
   401 | D        | Found a hide-covered altar of Uskayaw.
   401 | D        | Found a sacrificial altar of Ru.
   409 | D        | Killed a yak
   409 | D        | Reached skill level 10 in Fire Magic
   605 | D        | Found a basalt altar of Yredelemnul.
   605 | D        | Found an opulent altar of Gozag.
   605 | D        | Found a snail-covered altar of Cheibriados.
   605 | D        | Found a shadowy altar of Dithmenos.
   618 | D        | Found a sparkling altar of Nemelex Xobeh.
   640 | D        | Found a burning altar of Makhleb.
   640 | D        | Found a viscous altar of Jiyva.
   640 | D        | Found a shimmering altar of Xom.
   640 | D        | Found a corrupted altar of Lugonu.
   640 | D        | Noticed a slime creature
   645 | D        | Killed a slime creature
   645 | D        | Reached XP level 7. HP: 36/42 MP: 11/20
   701 | D        | Noticed a kobold demonologist
   703 | D        | Reached * piety under Vehumet
   703 | D        | Offered knowledge of Freeze by Vehumet.
   703 | D        | Reached skill level 11 in Fire Magic
   721 | D        | Noticed a kobold demonologist
   722 | D        | Killed a kobold demonologist
   722 | D        | Reached skill level 5 in Fighting
   722 | D        | Reached skill level 10 in Conjurations
   723 | D        | Noticed an orange demon
   724 | D        | Killed a kobold demonologist
   724 | D        | Reached skill level 12 in Fire Magic
   724 | D        | Reached XP level 8. HP: 51/51 MP: 4/22
   825 | D        | Noticed a demonic crawler
   825 | D        | Noticed a demonic crawler
   825 | D        | Noticed a demonic crawler
   825 | D        | Noticed a demonic crawler
   851 | D        | Noticed Sonja
   853 | D        | Killed Sonja
   853 | D        | Reached ** piety under Vehumet
   853 | D        | Offered knowledge of Throw Frost by Vehumet.
   884 | D        | Found Onum's Magic Scroll Boutique.
   892 | D        | Bought a scroll of identify for 26 gold pieces
   892 | D        | Bought a scroll of magic mapping for 45 gold pieces
  1208 | D        | Noticed a centaur warrior
  1210 | D        | Noticed a centaur warrior
  1215 | D        | Slain by a centaur warrior

Vault maps used:
D:        dungeon_sprint_1

Skill      XL: |  1  2  3  4  5  6  7  8 |
---------------+-------------------------+-----
Conjurations   | 5 7 9 10 11 | 11.9
Fire Magic     | 4 7 8 10 12 | 12.8
Spellcasting   | 5 8 |  8.1
Fighting       | 2 3 5 6 |  6.9
Dodging        | 4 6 7 |  7.6
Stealth        | 3 |  3.0

Action                   |  1- 3 |  4- 6 |  7- 9 || total
-------------------------+-------+-------+-------++-------
Melee: Unarmed           |     5 |       |       ||     5
       Scythe            |       |       |     1 ||     1
 Cast: Flame Tongue      |    10 |    14 |     6 ||    30
       Conjure Flame     |       |     2 |     2 ||     4
       Sticky Flame      |       |     1 |     1 ||     2
       Fireball          |       |       |     8 ||     8
  Use: Potion            |     1 |       |     2 ||     3
       Scroll            |       |       |     3 ||     3
  Eat: Ration            |       |       |     1 ||     1
Armor: Robe              |     4 |       |       ||     4
       Leather armour    |       |       |     1 ||     1
Dodge: Dodged            |     3 |     2 |     5 ||    10

Table legend:
 A = Non-vault XP
 B = Vault XP
 C = Vault XP percentage of total XP
 D = Non-vault monster count
 E = Vault monster count
 F = Vault count percentage of total count
                 A         B        C        D         E       F
            +---------+---------+-------+---------+---------+-------
      Total |       0 |    2610 | 100.0 |       0 |      10 | 100.0
            +---------+---------+-------+---------+---------+-------
          D |       0 |    2610 | 100.0 |       0 |      10 | 100.0
            +---------+---------+-------+---------+---------+-------
